 Dungeon Crawl Stone Soup version 0.28.0-53-g5a82cb258f (webtiles) character file.

Game seed: 4327836110334410961

436 Sin92 the Grave Robber (level 6, 0/46 HPs)
             Began as a Demonspawn Necromancer on July 7, 2022.
             Slain by an orc wizard
             ... wielding a +0 dagger
              (1 damage)
             ... on level 4 of the Dungeon.
             The game lasted 00:12:01 (4754 turns).

Sin92 the Grave Robber (Demonspawn Necromancer)     Turns: 4754, Time: 00:12:02

Health: 0/46       AC:  5    Str:  7 (10) XL:     6   Next: 69%
Magic:  2/10       EV: 12    Int: 14 (16) God:
Gold:   157        SH:  0    Dex: 11 (14) Spells: 7/11 levels left

rFire   . . .      SeeInvis .   e - +0 whip
rCold   . . .      Faith    .   p - orb {*channel}
rNeg    . . .      Spirit   .   a - +0 robe
rPois   .          Reflect  .   (helmet restricted)
rElec   .          Harm     .   k - +2 cloak
rCorr   .          Rampage  .   (no gloves)
Will    .....                   (no boots)
Stlth   ++........              (no amulet)
HPRegen 0.15/turn               (no ring)
MPRegen 0.12/turn               (no ring)

@: no status effects
A: antennae 1, weakness stinger 2
a: no special abilities


You were on level 4 of the Dungeon.
You visited 1 branch of the dungeon, and saw 4 of its levels.

You collected 157 gold pieces.

Inventory:

Hand Weapons
 e - a +0 whip (weapon)
 f - a +0 dagger
Missiles
 d - 53 sling bullets
Armour
 a - a +0 robe (worn)
 i - a +0 plate armour
 k - a +2 cloak (worn)
 p - an orb of energy (worn)
Scrolls
 b - 3 scrolls of magic mapping
 c - 2 scrolls of blinking
 g - a scroll of identify
 j - a scroll of vulnerability
Potions
 n - 2 potions of curing


   Skills:
 + Level 2.5 Fighting
 + Level 2.1 Maces & Flails
 + Level 2.2 Armour
 + Level 3.1 Dodging
 - Level 1.7 Stealth
 + Level 3.2 Spellcasting
 + Level 5.3 Necromancy


You had 7 spell levels left.
You knew the following spells:

 Your Spells              Type           Power      Damage    Failure   Level
a - Pain                  Necr           68%        1d7       2%          1
b - Vampiric Draining     Necr           17%        2d7       7%          3

Your spell library contained the following spells:

 Spells                   Type           Power      Damage    Failure   Level
 Animate Skeleton         Necr           34%        N/A       2%          1
 Animate Dead             Necr           8%         N/A       22%         4
 Agony                    Necr           17%        N/A       54%         5


Dungeon Overview and Level Annotations

Branches:
Dungeon (4/15)
 Temple: D:4-7

Altars:
Makhleb
Wu Jian


Innate Abilities, Weirdness & Mutations

You have a pair of small antennae on your head.
You have a tail ending in a sharp stinger.


Message History

There was something very wrong with that liquid.
You feel weakened.
You feel dopey.
You feel clumsy.
The orc priest invokes the aid of Beogh against you.
You barely resist. You barely miss the orc priest.
The orc priest is lightly wounded.
The orc closely misses you.
The orc priest hits you with a +0 falchion.
The orc shouts!
You hit the orc priest.
The orc priest is moderately wounded.
The orc misses you.
The orc priest calls down the wrath of Beogh upon you.
Beogh smites you!
* * * LOW HITPOINT WARNING * * *
An orc wizard comes into view. It is wielding a +0 dagger.
The orc wizard shouts!
You closely miss the orc priest.
The orc priest is moderately wounded.
The orc hits you but does no damage.
The orc priest hits you but does no damage.
You hit the orc priest.
The orc priest is severely wounded.
The orc hits you from afar with a +0 spear.
* * * LOW HITPOINT WARNING * * *
The orc priest hits you but does no damage.
Unknown command.
You barely miss the orc priest.
The orc priest is severely wounded.
The orc misses you.
The orc priest invokes the aid of Beogh against you.
Pain shoots through your body!
* * * LOW HITPOINT WARNING * * *
You hit the orc priest.
The orc priest is severely wounded.
The orc barely misses you. The orc hits you with a +0 spear.
* * * LOW HITPOINT WARNING * * *
The orc wizard hits you with a +0 dagger.
You die...

.....#....<........#..........
........#.........##.....>....
.......##.....................
........#...........##........
.#.................# #........
#..##.....o......####........
#...........#o....#..........
.......#.)##o...............
.......#..o@.(............†.
..........o##...............
...........##...............
.........................##.
......#....#................
...........##..........#####
..........#...........####
.......................... .
...#................


You could see an orc priest, an orc wizard and 2 orcs.

Vanquished Creatures
  2 ogres (D:4)
  A hound (D:4)
  Jessica (D:2)
  Natasha (twice) (D:2)
  9 adders
  An ufetubus (D:4)
  A worm (D:2)
  2 dart slugs
  2 orcs
  3 ball pythons
  7 bats
  7 endoplasms
  2 giant cockroaches (D:4)
  10 goblins
  A hobgoblin (D:2)
  5 jackals
  4 kobolds
  A quokka (D:3)
  A frilled lizard (D:2)
  6 rats
68 creatures vanquished.

Vanquished Creatures (others)
  3 plants (D:4)
  5 withered plants (D:4)
8 creatures vanquished.

Grand Total: 76 creatures vanquished

Notes
Turn   | Place    | Note
-------+----------+-------------------------------------------
     0 | D:1      | Sin92 the Demonspawn Necromancer began the quest for the
                  | Orb.
     0 | D:1      | Reached XP level 1. HP: 13/13 MP: 3/3
   388 | D:1      | Discovered your monstrous ancestry.
   388 | D:1      | Gained mutation: You have a small tail. [demonic ancestry]
   388 | D:1      | Reached XP level 2. HP: 16/20 MP: 0/5
   936 | D:2      | Noticed Jessica
   968 | D:2      | Killed Jessica
   969 | D:2      | Reached skill level 1 in Fighting
   969 | D:2      | Gained mutation: You have a pair of small antennae on your
                  | head. [demonic ancestry]
   969 | D:2      | Reached XP level 3. HP: 23/26 MP: 2/6
  1260 | D:2      | Reached skill level 1 in Armour
  1338 | D:2      | Reached skill level 1 in Maces & Flails
  1459 | D:2      | Reached XP level 4. HP: 32/32 MP: 7/7
  1512 | D:2      | Noticed Natasha
  1522 | D:2      | Killed Natasha
  1684 | D:2      | Noticed Natasha
  1691 | D:2      | Killed Natasha
  2185 | D:2      | Gained mutation: You have a tail ending in a sharp stinger.
                  | [demonic ancestry]
  2185 | D:2      | Reached XP level 5. HP: 35/38 MP: 5/9
  2618 | D:3      | Found a burning altar of Makhleb.
  2695 | D:3      | Reached skill level 5 in Necromancy
  3267 | D:3      | Found an ornate altar of the Wu Jian Council.
  4410 | D:4      | Learned a level 3 spell: Vampiric Draining
  4567 | D:4      | Noticed an ogre
  4575 | D:4      | Killed an ogre
  4576 | D:4      | Reached XP level 6. HP: 39/45 MP: 0/10
  4737 | D:4      | Identified the +3 leather armour "Quggiux" {rF+ Str+2 Dex-3
                  | Slay+3}
  4752 | D:4      | HP: 1/46 [orc priest/nerve-wracking pain (3)]
  4754 | D:4      | Slain by an orc wizard

Illustrated notes

Levels and vault maps discovered:
D:1:      lemuel_arrival_behind_the_door_small, layout_basic,
          chequers_serial_rivers_room_b, minmay_tripent
D:2:      layout_rooms, minmay_cupped, uniq_jessica, uniq_natasha
D:3:      minmay_evil_eye, layout_loops_corners, mainiacjoe_overflow_alcove_4,
          lightli_temple_of_fire
D:4:      layout_cave_pools, grunt_temple_overflow_growth_and_decay,
          kennysheep_little_box

Skill      XL: |  1  2  3  4  5 |
---------------+----------------+-----
Dodging        | 2 3 |  3.1
Fighting       | 1 2 |  2.5
Armour         | 1 2 |  2.2
Maces & Flails | 1 2 |  2.1
Necromancy     | 5 |  5.3
Spellcasting   | 3 |  3.2
Stealth        | |  1.7

Action                   |  1- 3 |  4- 6 || total
-------------------------+-------+-------++-------
Melee: Unarmed           |     7 |       ||     7
       Whip              |    30 |    95 ||   125
       Tailslap          |     3 |    15 ||    18
 Cast: Pain              |    23 |    72 ||    95
       Vampiric Draining |       |     7 ||     7
  Use: Scroll            |     2 |     6 ||     8
       Potion            |     1 |     1 ||     2
Armor: Robe              |     4 |    39 ||    43
Dodge: Dodged            |    23 |    97 ||   120
